 Dungeon Crawl Stone Soup version 0.27-a0-1188-g73eefd5def (webtiles) character file.

Game seed: 7571947785724352066

1508 porpoise the Skirmisher (level 8, -4/67 HPs)
             Began as a Demonspawn Wanderer on May 21, 2021.
             Was a Follower of Yredelemnul.
             Slain by a two-headed ogre
             ... wielding a +0 giant spiked club
              (10 damage)
             ... on level 6 of the Dungeon.
             The game lasted 00:29:41 (8493 turns).

porpoise the Skirmisher (Demonspawn Wanderer)       Turns: 8493, Time: 00:29:42

Health: -4/67      AC:  8    Str: 16      XL:     8   Next: 53%
Magic:  10/10      EV: 10    Int: 11 (13) God:    Yredelemnul [*.....]
Gold:   232        SH:  0    Dex: 14      Spells: 7/7 levels left

rFire    . . .     SeeInvis .   a - +2 dagger (drain)
rCold    . . .     Faith    .   (no shield)
rNeg     + . .     Spirit   .   m - +0 ring mail
rPois    .         Reflect  .   (helmet restricted)
rElec    .         Harm     .   (no cloak)
rCorr    .         Rampage  .   u - +0 pair of gloves
Will     .....                  j - +0 pair of boots
Stlth    ++........             (no amulet)
HPRegen  0.21/turn              g - ring of positive energy
MPRegen  0.12/turn              (no ring)

@: mighty
A: horns 1, thin skeletal structure 1, demonic guardian 1
a: Renounce Religion, Animate Remains


You were on level 6 of the Dungeon.
You worshipped Yredelemnul.
Yredelemnul was aware of your devotion.
You visited 2 branches of the dungeon, and saw 7 of its levels.

You collected 232 gold pieces.

Inventory:

Hand Weapons
 a - a +2 dagger of draining (weapon)
 b - a +2 shortbow
 t - a +3 dagger
Missiles
 c - 57 arrows
 e - 4 javelins
 h - 33 poisoned darts (quivered)
 k - 40 bolts
 n - 165 stones
 v - 8 boomerangs
Armour
 j - a +0 pair of boots (worn)
 m - a +0 ring mail (worn)
 p - a +2 buckler
 u - a +0 pair of gloves (worn)
Jewellery
 g - a ring of positive energy (left hand)
 z - a ring of resist corrosion
Scrolls
 d - 2 scrolls of teleportation
 i - a scroll of fear {unknown}
 l - a scroll of acquirement {unknown}
 q - a scroll of blinking {unknown}
 s - a scroll of fog
 w - a scroll of amnesia
 x - 3 scrolls of identify
 y - a scroll of enchant armour {unknown}
Potions
 f - 2 potions of brilliance
 r - a potion of ambrosia


   Skills:
 - Level 7.0 Fighting
 - Level 1.0 Short Blades
 - Level 2.6 Bows
 - Level 5.0 Armour
 - Level 1.7 Stealth
 - Level 4.0 Shields
 + Level 3.5 Invocations
 + Level 3.0 Evocations


You had 7 spell levels left.
You didn't know any spells.
Your spell library contained the following spells:

 Spells                   Type           Power      Damage    Failure   Level
 Confusing Touch          Hex            0%         N/A       88%         3
 Gell's Gravitas          Tloc           0%         N/A       88%         3
 Petrify                  Tmut/Erth      0%         N/A       99%         4
 Metabolic Englaciation   Hex/Ice        0%         N/A       100%        5
 Yara's Violent Unravell  Hex/Tmut       0%         3d3       100%        5


Dungeon Overview and Level Annotations

Branches:
Dungeon (6/15)             Temple (1/1) D:4

Altars:
Ashenzari
Cheibriados
Elyvilon
Fedhas
Kikubaaqudgha
Makhleb
Okawaru
Qazlal
Ru
Sif Muna
Trog
Uskayaw
Vehumet
Wu Jian
Xom
Yredelemnul
Zin
The Shining One

Annotations:
D:5 2 transporters, cdice's ghost, novice DjIE


Innate Abilities, Weirdness & Mutations

You have a pair of small horns on your head.
You have a somewhat thin skeletal structure. (Dex +2, Stealth+)
A weak demonic guardian rushes to your aid.


Message History

No target in view!
You start resting.
HP restored.
A two-headed ogre comes into view.
It is wielding a +0 giant spiked club and a +0 dire flail.
The two-headed ogre shouts in stereo!
b - a +2 shortbow (weapon)
You shoot an arrow.
The arrow barely misses the two-headed ogre.
You shoot an arrow. The arrow hits the two-headed ogre.
The two-headed ogre is lightly wounded.
You shoot an arrow. The arrow hits the two-headed ogre!
The two-headed ogre is moderately wounded.
You shoot an arrow.
The arrow barely misses the two-headed ogre.
You shoot an arrow. The arrow hits the two-headed ogre.
The two-headed ogre is moderately wounded.
The two-headed ogre closely misses you. x2
You sense an unholy aura.
a - a +2 dagger of draining (weapon)
The two-headed ogre hits you but does no damage.
The two-headed ogre barely misses you.
You hit the two-headed ogre but do no damage.
The two-headed ogre is moderately wounded.
You hit the two-headed ogre. You drain the two-headed ogre.
The two-headed ogre is moderately wounded.
The two-headed ogre hits you with a +0 giant spiked club!
The two-headed ogre hits you with a +0 dire flail.
You hit the two-headed ogre.
The two-headed ogre is heavily wounded.
The two-headed ogre hits you with a +0 giant spiked club!!
The two-headed ogre hits you with a +0 dire flail!
* * * LOW HITPOINT WARNING * * *
A demonic guardian appears!
Your iron imp hits the two-headed ogre.
You feel very mighty all of a sudden.
The two-headed ogre hits you with a +0 giant spiked club.
* * * LOW HITPOINT WARNING * * *
The two-headed ogre hits you with a +0 dire flail!
You die...
Your body rises from the dead as a mindless zombie.

#(# ##.#.#.
####.######.###..
..(.......## ##.
...######.###.#
#(.# ##.#.##
####..# ##.###
#...5.# #.....
#O##.## #...>.
#@##.# #.####
#.##.# #.##
#....# #..#
..####....# ##.#
#.........# #.#
...#####...## #.#
##.....### ###.#
#.......... ..#.#
##......####
#.#.#


You could see a two-headed ogre (drained).

Vanquished Creatures
  A wraith (D:6)
  A steam dragon (D:6)
  Duvessa (D:5)
  2 ogres (D:5)
  A phantom (D:4)
  Dowan (D:5)
  A scorpion (D:5)
  A howler monkey (D:5)
  2 centaur zombies
  A bullfrog zombie (D:6)
  An orc priest (D:4)
  2 centaur skeletons
  Jessica (D:2)
  3 iguanas
  5 orc wizards
  A hound skeleton (D:2)
  A gnoll (D:3)
  14 adders
  An ufetubus (D:5)
  6 worms
  3 dart slugs
  7 orcs
  5 ball pythons
  10 endoplasms
  2 giant cockroaches
  6 goblins
  12 hobgoblins
  10 jackals
  3 kobolds
  2 quokkas
  4 bats
  3 frilled lizards
  4 rats
  A toadstool (D:1)
119 creatures vanquished.

Vanquished Creatures (collateral kills)
  An orc wizard (D:4)
1 creature vanquished.

Vanquished Creatures (others)
  3 orc wizards
  A fungus (D:1)
  10 plants
  3 toadstools (D:1)
17 creatures vanquished.

Grand Total: 137 creatures vanquished

Notes
Turn   | Place    | Note
-------+----------+-------------------------------------------
     0 | D:1      | porpoise the Demonspawn Wanderer began the quest for the
                  | Orb.
     0 | D:1      | porpoise set off with the following items: a +2 shortbow,
                  | 22 arrows, a +0 hand axe, a scroll of teleportation, a +0
                  | robe, a +0 dagger
     0 | D:1      | Reached XP level 1. HP: 15/15 MP: 1/1
   162 | D:1      | Found a faded altar of an unknown god.
   709 | D:1      | Reached skill level 2 in Fighting
   709 | D:1      | Gained mutation: You have a somewhat thin skeletal
                  | structure. (Dex +2, Stealth+) [demonic ancestry]
   709 | D:1      | Reached XP level 2. HP: 17/22 MP: 2/2
  1505 | D:2      | Reached skill level 3 in Fighting
  1505 | D:2      | Reached XP level 3. HP: 29/29 MP: 3/3
  2058 | D:2      | Reached skill level 4 in Fighting
  2058 | D:2      | Gained mutation: You have a pair of small horns on your
                  | head. [demonic ancestry]
  2058 | D:2      | Reached XP level 4. HP: 37/37 MP: 4/4
  2751 | D:2      | Noticed Jessica
  2753 | D:2      | Killed Jessica
  2882 | D:3      | Reached XP level 5. HP: 43/43 MP: 5/5
  3214 | D:3      | Reached skill level 5 in Fighting
  4314 | D:4      | Found a staircase to the Ecumenical Temple.
  4323 | Temple   | Entered the Ecumenical Temple
  4513 | Temple   | Became a worshipper of Yredelemnul the Dark
  5017 | D:4      | Noticed a phantom
  5026 | D:4      | Killed a phantom
  5027 | D:4      | Reached skill level 6 in Fighting
  5027 | D:4      | Gained mutation: A weak demonic guardian rushes to your
                  | aid. [demonic ancestry]
  5027 | D:4      | Reached XP level 6. HP: 48/53 MP: 6/6
  5943 | D:5      | Entered Level 5 of the Dungeon
  6110 | D:5      | Reached skill level 7 in Fighting
  6251 | D:5      | Reached skill level 1 in Shields
  6251 | D:5      | Reached XP level 7. HP: 31/60 MP: 7/7
  7095 | D:5      | Found a transporter.
  7119 | D:5      | Found a transporter.
  7182 | D:5      | Identified the +4 kite shield "Ikapreiw" {+Inv rN+ Will-}
  7217 | D:5      | Identified the ring of Adivaps {Fly Slay+2}
  7217 | D:5      | Noticed cdice's ghost (novice DjIE)
  7265 | D:5      | Noticed Duvessa
  7265 | D:5      | Noticed Dowan
  7296 | D:5      | Killed Duvessa
  7297 | D:5      | Reached XP level 8. HP: 46/67 MP: 8/8
  7313 | D:5      | Killed Dowan
  7795 | D:6      | Reached * piety under Yredelemnul
  7853 | D:6      | Reached skill level 5 in Armour
  7853 | D:6      | Reached skill level 1 in Invocations
  8478 | D:6      | Noticed a two-headed ogre
  8493 | D:6      | Slain by a two-headed ogre

Illustrated notes

Levels and vault maps discovered:
D:1:      ldierk_water_garden, layout_loops_ring,
          shapermc_ecumenical_altar_hornbeckon
D:2:      layout_loops_corners, uniq_jessica
D:3:      layout_basic, hangedman_abyss_or_decor_stabs,
          minmay_misc_feat_pillars, minmay_circle_x
D:4:      layout_gridville, minmay_temple_entry_grid
D:5:      layout_gridville, gammafunk_ghost_gnarly_gnolls,
          kennysheep_generic_room_13, uniq_duvessa
D:6:      layout_loops_ring
Temple:   hc_temple_tempest_star

Skill      XL: |  1  2  3  4  5  6  7  8 |
---------------+-------------------------+-----
Fighting       | 2 3 4 6 7 |  7.0
Armour         | 2 4 5 |  5.0
Shields        | 1 3 4 |  4.0
Invocations    | 3 |  3.5
Evocations     | 3 |  3.0
Short Blades   | |  1.0
Bows           | |  2.6
Stealth        | |  1.7

Action                   |  1- 3 |  4- 6 |  7- 9 || total
-------------------------+-------+-------+-------++-------
Melee: Hand axe          |    31 |       |       ||    31
       Dagger            |       |    94 |    69 ||   163
       Headbutt          |       |    19 |    17 ||    36
       Shortbow          |       |     2 |       ||     2
 Fire: Shortbow          |    45 |   127 |   104 ||   276
Throw: Dart              |     9 |    10 |     7 ||    26
  Use: Scroll            |       |     5 |     2 ||     7
       Potion            |       |     4 |     5 ||     9
 Stab: Sleeping          |     1 |     9 |     1 ||    11
Armor: Robe              |     5 |    19 |       ||    24
       Ring mail         |       |    35 |    61 ||    96
Dodge: Dodged            |    27 |    65 |    51 ||   143

Table legend: (Time is in decaauts)
 A = Elapsed time spent in this place.
 B = Non-inter-level travel time spent in this place.
 C = Inter-level travel time spent in this place.
 D = Time resting spent in this place.
 E = Time spent auto-exploring this place.
 F = Levels seen in this place.
 G = Mean time per level.
                   A        B        C        D        E       F      G
               +--------+--------+--------+--------+--------+-----+--------+
         Total |   8501 |   8250 |    251 |   3119 |   3903 |   7 | 1214.4 |
       Dungeon |   8298 |   8059 |    239 |   3119 |   3717 |   6 | 1383.0 |
        Temple |    202 |    190 |     12 |      0 |    186 |   1 |  202.0 |
               +--------+--------+--------+--------+--------+-----+--------+

Top non-repeatable levels by time:
     D:4: 1878 daAuts
     D:5: 1693 daAuts
     D:2: 1605 daAuts
     D:1: 1252 daAuts
     D:3: 1142 daAuts
     D:6: 726 daAuts
  Temple: 202 daAuts
